 Dungeon Crawl Stone Soup version 0.26-a0-812-g31a745ddcd (webtiles) character file.

Game seed: 3713960674646893284

53 vurker the Sneak (level 3, -4/26 HPs)
             Began as a Gnoll Enchanter on Nov 28, 2020.
             Killed by divine providence
             ... invoked by an orc priest
              (12 damage)
             ... on level 3 of the Dungeon.
             The game lasted 00:01:42 (1438 turns).

vurker the Sneak (Gnoll Enchanter)                  Turns: 1438, Time: 00:01:43

Health: -4/26      AC:  8    Str: 10    XL:     3   Next: 89%
Magic:  9/9        EV:  5    Int: 18    God:
Gold:   67         SH:  0    Dex: 15    Spells: 11/12 levels left

rFire    . . .     SeeInvis .   a - +1 dagger
rCold    . . .     Faith    .   (no shield)
rNeg     . . .     Spirit   .   d - +0 chain mail
rPois    .         Reflect  .   (no helmet)
rElec    .         Harm     .   (no cloak)
rCorr    .         Rampage  .   (no gloves)
MR       .....                  (no boots)
Stlth    ..........             (no amulet)
HPRegen  0.08/turn              (no ring)
MPRegen  0.11/turn              (no ring)

@: no status effects
A: distributed training, fangs 1, strong nose
a: no special abilities


You were on level 3 of the Dungeon.
You visited 1 branch of the dungeon, and saw 3 of its levels.

You collected 67 gold pieces.

Inventory:

Hand Weapons
 a - a +1 dagger (weapon)
Armour
 d - a +0 chain mail (worn)
   (You found it on level 1 of the Dungeon)
Scrolls
 b - a scroll of immolation {unknown}
 e - a scroll of identify {unknown}
 g - a scroll of enchant weapon {unknown}
Potions
 c - 2 potions of curing {unknown}
 f - a potion of resistance {unknown}


   Skills:
 + Level 1.0 Fighting
 + Level 2.6 Short Blades
 + Level 1.0 Long Blades
 + Level 1.0 Axes
 + Level 1.0 Maces & Flails
 + Level 1.0 Polearms
 + Level 1.0 Staves
 + Level 1.0 Slings
 + Level 1.0 Bows
 + Level 1.0 Crossbows
 + Level 1.0 Throwing
 + Level 1.0 Armour
 + Level 4.6 Dodging
 + Level 6.0 Stealth
 + Level 1.0 Shields
 + Level 1.0 Unarmed Combat
 + Level 5.0 Spellcasting
 + Level 0.7 Conjurations
 + Level 5.4 Hexes
 + Level 0.7 Summonings
 + Level 0.7 Necromancy
 + Level 0.7 Translocations
 + Level 0.7 Transmutations
 + Level 0.7 Fire Magic
 + Level 0.7 Ice Magic
 + Level 0.7 Air Magic
 + Level 0.7 Earth Magic
 + Level 0.7 Poison Magic
 + Level 1.0 Invocations
 + Level 1.0 Evocations


You had 11 spell levels left.
You knew the following spells:

 Your Spells              Type           Power        Failure   Level
a - Corona                Hex            ###....      75%         1

Your spell library contained the following spells:

 Spells                   Type           Power        Failure   Level
 Confusing Touch          Hex            ###.....     98%         3
 Tukima's Dance           Hex            ###.....     98%         3
 Ensorcelled Hibernation  Hex/Ice        ###...       99%         2
 Dazzling Flash           Conj/Hex       ###...       100%        3


Dungeon Overview and Level Annotations

Branches:
Dungeon (3/15)

Altars:


Innate Abilities, Weirdness & Mutations

Your experience applies equally to all skills.
You have very sharp teeth.
Your uncanny sense of smell can sniff out nearby items.


Message History

No target in view!
No target in view!
No target in view!
No target in view!
No target in view!
Things that are here:
a jackal corpse; a jackal corpse
Found a robe.
You see here a robe.
A hobgoblin comes into view.
The hobgoblin shouts!
You hear a shout! x2
An orc, an orc priest and an orc wizard come into view.
The orc is wielding a +0 club and wearing a +2 chain mail of poison resistance.
The orc shouts!
The orc priest shouts!
The orc wizard shouts!
The orc priest looks braver for a moment.
You hit the hobgoblin.
The hobgoblin hits you but does no damage.
You hit the hobgoblin.
You kill the hobgoblin!
The orc priest miscasts a cantrip.
You hit the orc but do no damage. You hit the orc but do no damage.
The orc hits you but does no damage.
You hit the orc but do no damage. The orc hits you with a +0 club.
You hit the orc but do no damage. The orc hits you with a +0 club.
You closely miss the orc.
The orc priest looks encouraged for a moment.
You hit the orc but do no damage. The orc hits you but does no damage.
You hit the orc but do no damage. Your bite misses the orc.
The orc hits you but does no damage.
You hit the orc but do no damage. The orc hits you with a +0 club.
You hit the orc. You hit the orc. The orc hits you but does no damage.
You hit the orc but do no damage. You bite the orc, but do no damage.
The orc hits you but does no damage.
You hit the orc but do no damage. The orc hits you but does no damage.
You barely miss the orc.
The orc priest mumbles some strange prayers to Beogh against you.
Beogh smites you!
* * * LOW HITPOINT WARNING * * *
The orc barely misses you.
You hit the orc but do no damage. You hit the orc but do no damage.
The orc hits you but does no damage.
You hit the orc. The orc hits you with a +0 club.
* * * LOW HITPOINT WARNING * * *
You hit the orc but do no damage. The orc hits you but does no damage.
You hit the orc but do no damage.
The orc wizard looks encouraged for a moment.
The orc priest invokes the aid of Beogh against you.
Beogh smites you!
You die...

#####.#######
#...........#
##
#.......###.#
.. ##†#####.#
#.# .# .#.# #.#
#.# .# ...# #.#
#.# o# ##.# #.#
#.# .#
...#####.#
#.######.######
##.......#
#....@oo.......
#.##.####
###.###o.#.####
#.# .# #.# #†##
##.##.##### #.#
#.# .#........
#.# #.#
.......... #.#
#.# ##..#.####
..# #.# #.....#
### #.#
#...#..# #.#


You could see an orc priest, an orc wizard and an orc.

Vanquished Creatures
  A gnoll (D:1)
  An ooze (D:3)
  A dart slug (D:1)
  2 leopard geckos (D:1)
  2 ball pythons (D:1)
  2 giant cockroaches (D:1)
  4 goblins
  5 hobgoblins
  4 jackals (D:3)
  3 bats
  A frilled lizard (D:1)
  4 kobolds (D:1)
  4 rats (D:1)
34 creatures vanquished.

Notes
Turn   | Place    | Note
-------+----------+-------------------------------------------
     0 | D:1      | vurker the Gnoll Enchanter began the quest for the Orb.
     0 | D:1      | Reached XP level 1. HP: 13/13 MP: 6/6
    52 | D:1      | Reached XP level 2. HP: 19/19 MP: 7/7
   415 | D:1      | Reached XP level 3. HP: 25/25 MP: 9/9
   578 | D:1      | Reached skill level 5 in Spellcasting
   813 | D:1      | Reached skill level 6 in Stealth
   813 | D:1      | Reached skill level 1 in Invocations
  1356 | D:3      | Reached skill level 1 in Fighting
  1356 | D:3      | Reached skill level 1 in Long Blades
  1356 | D:3      | Reached skill level 1 in Axes
  1356 | D:3      | Reached skill level 1 in Maces & Flails
  1356 | D:3      | Reached skill level 1 in Polearms
  1356 | D:3      | Reached skill level 1 in Staves
  1356 | D:3      | Reached skill level 1 in Slings
  1356 | D:3      | Reached skill level 1 in Bows
  1356 | D:3      | Reached skill level 1 in Crossbows
  1356 | D:3      | Reached skill level 1 in Throwing
  1356 | D:3      | Reached skill level 1 in Armour
  1356 | D:3      | Reached skill level 1 in Shields
  1356 | D:3      | Reached skill level 1 in Unarmed Combat
  1356 | D:3      | Reached skill level 1 in Evocations
  1438 | D:3      | Killed from afar by an orc priest

Illustrated notes

Levels and vault maps discovered:
D:1:      psy_arrival_whirlpool, layout_loops_ring, nrook_loot_triangle
D:2:      layout_basic
D:3:      layout_loops_ring, uniq_ijyb

Skill      XL: |  1  2  3 |
---------------+----------+-----
Spellcasting   | 5 |  5.0
Stealth        | 6 |  6.0
Invocations    | 1 |  1.0
Fighting       | 1 |  1.0
Long Blades    | 1 |  1.0
Axes           | 1 |  1.0
Maces & Flails | 1 |  1.0
Polearms       | 1 |  1.0
Staves         | 1 |  1.0
Slings         | 1 |  1.0
Bows           | 1 |  1.0
Crossbows      | 1 |  1.0
Throwing       | 1 |  1.0
Armour         | 1 |  1.0
Shields        | 1 |  1.0
Unarmed Combat | 1 |  1.0
Evocations     | 1 |  1.0
Short Blades   | |  2.6
Dodging        | |  4.6
Conjurations   | |  0.7
Hexes          | |  5.4
Summonings     | |  0.7
Necromancy     | |  0.7
Translocations | |  0.7
Transmutations | |  0.7
Fire Magic     | |  0.7
Ice Magic      | |  0.7
Air Magic      | |  0.7
Earth Magic    | |  0.7
Poison Magic   | |  0.7

Action                   || total
-------------------------++-------
Melee: Dagger            ||   131
       Bite              ||    11
 Stab: Sleeping          ||     6
Armor: Robe              ||     1
       Chain mail        ||    57
Dodge: Dodged            ||    35

Table legend: (Time is in decaauts)
 A = Elapsed time spent in this place.
 B = Non-inter-level travel time spent in this place.
 C = Inter-level travel time spent in this place.
 D = Time resting spent in this place.
 E = Time spent auto-exploring this place.
 F = Levels seen in this place.
 G = Mean time per level.
                   A        B        C        D        E       F      G
               +--------+--------+--------+--------+--------+-----+--------+
         Total |   1422 |   1378 |     44 |    218 |    866 |   3 |  474.0 |
       Dungeon |   1422 |   1378 |     44 |    218 |    866 |   3 |  474.0 |
               +--------+--------+--------+--------+--------+-----+--------+

Top non-repeatable levels by time:
     D:1: 1007 daAuts
     D:3: 351 daAuts
     D:2: 63 daAuts
